 Dungeon Crawl Stone Soup version 0.31.0-11-ge490571c62 (webtiles) character file.

Game seed: 5494225926612524660

16 qw the Shooter (level 2, -3/14 HPs)
             Began as a Spriggan Hunter on Feb 4, 2024.
             Slain by an adder (4 damage)
             ... on level 2 of the Dungeon.
             The game lasted 00:00:03 (828 turns).

qw the Shooter (Spriggan Hunter)                     Turns: 828, Time: 00:00:03

Health: -3/14      AC:  2    Str:  7    XL:     2   Next: 37%
Magic:  3/3        EV: 19    Int: 10    God:
Gold:   55         SH:  0    Dex: 18    Spells: 1/1 levels left

rFire   . . .        a - +0 shortbow
rCold   . . .        (shield currently unavailable)
rNeg    . . .        c - +0 robe
rPois   .            (helmet restricted)
rElec   .            (no cloak)
rCorr   .            (gloves unavailable)
SInv    +            (boots unavailable)
Will    .....        (no amulet)
Stlth   ++           (no ring)
HPRegen 0.22/turn    (no ring)
MPRegen 0.08/turn

%: no passive effects
@: lethally poisoned (-3 -> -5), very quick
A: very small, no large weapons, unfitting armour, see invisible, speed 3
a: no special abilities


You were on level 2 of the Dungeon.
You visited 1 branch of the dungeon, and saw 4 of its levels.

You collected 55 gold pieces.


Innate Abilities, Weirdness & Mutations

You are very small and have problems with some larger weapons.
You are too small for most types of armour.
You have supernaturally acute eyesight. (SInv)
You cover ground extremely quickly. (Speed+++)


   Skills:
 - Level 1.5 Fighting
 + Level 4.1 Ranged Weapons
 - Level 4.0 Dodging
 - Level 1.5 Stealth


You had one spell level left.
You didn't know any spells.
Your spell library was empty.

Inventory:

Hand Weapons
 a - a +0 shortbow (weapon)
Armour
 c - a +0 robe (worn)
Scrolls
 d - a scroll of immolation {unknown}
Potions
 b - a potion of mutation

Dungeon Overview and Level Annotations

Branches:
Dungeon (4/15)
 Temple: D:4-7

Altars:


Message History

Found a stone staircase leading up.
There is a stone staircase leading up here.
d - a scroll labelled ERPHAU FUIGA A bat comes into view.
You shoot an arrow. The arrow hits the bat.
You kill the bat!
An adder comes into view.
Found 14 gold pieces.
You shoot an arrow. The arrow hits the adder.
The adder hisses angrily.
The adder is moderately wounded.
You shoot an arrow. The arrow closely misses the adder.
You shoot an arrow. The arrow misses the adder.
You shoot an arrow.
The arrow hits the adder but does no damage.
The adder is moderately wounded.
You shoot an arrow. The arrow hits the adder.
The adder is moderately wounded.
The adder barely misses you.
You shoot an arrow. The arrow misses the adder.
The adder bites you.
You are poisoned.
The adder poisons you! The adder bites you.
You shoot an arrow. The arrow closely misses the adder.
You feel sick. The adder misses you.
You shoot an arrow. The arrow misses the adder.
You feel sick. The adder bites you. The adder closely misses you.
You shoot an arrow. The arrow misses the adder.
You feel sick. The adder completely misses you.
You shoot an arrow. The arrow barely misses the adder.
You feel sick. The adder misses you. The adder bites you.
You are lethally poisoned!
The adder poisons you!
You shoot an arrow. The arrow misses the adder.
You feel sick. The adder closely misses you. x2
You shoot an arrow. The arrow closely misses the adder.
You feel sick. The adder barely misses you.
You shoot an arrow. The arrow misses the adder.
You feel sick. The adder bites you.
You die...

###### .....#
###..######
##........######
...#...<.......##
.....####.#.###.##
###.## #..##
##.##### #. #..#
#@....# #. #..#
#S###.# .. ....
.## . .. ##.##. .#
## #.# #.# #. #$ .
.


You could see an adder.

Vanquished Creatures
  2 endoplasms
  A giant cockroach (D:1)
  A hobgoblin (D:2)
  A kobold (D:2)
  A quokka (D:1)
  3 ball pythons
  A bat (D:2)
  A frilled lizard (D:1)
  2 goblins
  A rat (D:1)
14 creatures vanquished.

Notes
Turn   | Place    | Note
-------+----------+-------------------------------------------
     0 | D:1      | qw the Spriggan Hunter began the quest for the Orb.
     0 | D:1      | Reached XP level 1. HP: 10/10 MP: 2/2
     0 | D:1      | 0 ||| qw: Version: 0.3-a-160-g6735b56
     0 | D:1      | 0 ||| qw: Game counter: 5060
     0 | D:1      | 0 ||| qw: Melee chars always use a shield: true
     0 | D:1      | 0 ||| qw: God list: Okawaru
     0 | D:1      | 0 ||| qw: Allow faded altars: false
     0 | D:1      | 0 ||| qw: Do Orc after clearing Dungeon:15 true
     0 | D:1      | 0 ||| qw: Do second Lair branch before Depths: true
     0 | D:1      | 0 ||| qw: Lair rune preference: random
     0 | D:1      | 0 ||| qw: Goals: Normal
     0 | D:1      | 0 ||| PLANNING D:1-11
   203 | D:1      | Reached skill level 3 in Dodging
   585 | D:1      | 585 ||| READING scroll labelled AHONNURETU.
   586 | D:1      | 586 ||| READING 2 scrolls labelled ZOOCARA FEETH.
   587 | D:1      | 587 ||| READING scroll labelled HORUOS JOANEO.
   588 | D:1      | 588 ||| READING 2 scrolls labelled IZXAONT AGROTA.
   588 | D:1      | 588 ||| IDENTIFYING bubbling brown potion
   589 | D:1      | 589 ||| READING scroll of identify.
   589 | D:1      | 589 ||| IDENTIFYING scroll labelled TENATO LUODOEM
   590 | D:1      | 590 ||| DROPPING scroll of butterflies.
   591 | D:1      | 591 ||| DROPPING potion of attraction.
   592 | D:1      | 592 ||| DROPPING scroll of revelation.
   593 | D:1      | 593 ||| DROPPING scroll of noise.
   683 | D:2      | Reached XP level 2. HP: 14/14 MP: 3/3
   687 | D:2      | You fall into a shaft and drop 2 floors!
   688 | D:4      | 688 ||| READING scroll of identify.
   688 | D:4      | 688 ||| IDENTIFYING orange potion
   689 | D:4      | 689 ||| READING scroll labelled GEFRYP BOKHEI.
   697 | D:4      | 697 ||| STAIRDANCE
   775 | D:3      | 775 ||| READING scroll labelled RAINEU MANYFUO.
   781 | D:3      | 781 ||| FLEEEEING.
   783 | D:3      | 783 ||| STAIRDANCE
   826 | D:2      | HP: 3/14 [poisoned by an adder]
   828 | D:2      | HP: 1/14 [poisoned by an adder]
   828 | D:2      | Slain by an adder

Levels and vault maps discovered:
D:1:      beargit_arrival_diablo_church, layout_basic
D:2:      layout_loops_ring, basic_altar
D:3:      layout_loops_ring, mainiacjoe_overflow_alcove_4
D:4:      layout_cave_pods, elyvilon_altar_5, mainiacjoe_overflow_24_doors,
          serial_column_ruins, column_ruins_hut, column_ruins_circle_medium,
          column_ruins_open_small, column_ruins_columns_straight,
          column_ruins_grid_3, column_ruins_open_tiny,
          column_ruins_columns_dead_end, column_ruins_grid_1, uniq_sigmund

Skill      XL: |  1  2 |
---------------+-------+-----
Dodging        | 3 4 |  4.0
Fighting       | |  1.5
Ranged Weapons | |  4.1
Stealth        | |  1.5

Action                     || total
---------------------------++-------
   Fire: Shortbow          ||    60
    Use: Scroll            ||     8
 Armour: Robe              ||     9
  Dodge: Dodged            ||    19

Table legend:
 A = Non-vault XP
 B = Vault XP
 C = Vault XP percentage of total XP
 D = Non-vault monster count
 E = Vault monster count
 F = Vault count percentage of total count
                 A         B        C        D         E       F
            +---------+---------+-------+---------+---------+-------
      Total |      23 |       0 |   0.0 |      14 |       0 |   0.0
            +---------+---------+-------+---------+---------+-------
        D:1 |       9 |       0 |   0.0 |       6 |       0 |   0.0
        D:2 |       9 |       0 |   0.0 |       5 |       0 |   0.0
        D:3 |       5 |       0 |   0.0 |       3 |       0 |   0.0
            +---------+---------+-------+---------+---------+-------
